 Dungeon Crawl Stone Soup version 0.13-a0-2301-g23820b6 (webtiles) character file.

1183 ManOfSteam the Poker (level 7, -3/52 HPs)
             Began as a Demonspawn Chaos Knight on July 8, 2013.
             Was a Plaything of Xom.
             Killed from afar by Grabo's ghost (14 damage)
             ... with a flame
             ... while paralysed by Grinder
             ... on Level 6 of the Dungeon.
             The game lasted 01:02:28 (4734 turns).

ManOfSteam the Poker (Demonspawn Chaos Knight)      Turns: 4734, Time: 01:02:28

HP  -3/52        AC 14     Str 13      XL: 7   Next: 91%
MP   0/7         EV  2     Int 13      God: Xom
Gold 229         SH  0     Dex 17      Spells:  0 memorised,  6 levels left

Res.Fire  : . . .   See Invis. : .   a - +2,+1 spear (chaos)
Res.Cold  : + . .   Warding    : .   B - +1 scale mail {rC+}
Life Prot.: . . .   Conserve   : .   (no shield)
Res.Poison: .       Res.Corr.  : .   (helmet restricted)
Res.Elec. : .       Clarity    : .   (no cloak)
Sust.Abil.: . .     Spirit.Shd : +   G - +0 pair of orc gauntlets
Res.Mut.  : .       Stasis     : .   F - +0 pair of boots
Res.Rott. : .       Flight     : .   (no amulet)
Saprovore : . . .                    (no ring)
                                     q - cursed +3 ring of dexterity

@: paralysed, mildly poisoned, slightly resistant to hostile enchantments,
extremely unstealthy
A: antennae 1, wild magic 1, magic shield, magic regeneration, AC +4
a: Renounce Religion


You were on level 6 of the Dungeon.
You worshipped Xom.
You were Xom's teddy bear.
You were not hungry.

You visited 2 branches of the dungeon, and saw 7 of its levels.

You collected 253 gold pieces.
You spent 44 gold pieces at shops.

Inventory:

Hand weapons
 a - a +2,+1 spear of chaos (weapon)
 d - a +0,+1 whip of venom
 f - a +3,+1 great mace
 g - a +1,+1 scythe
 s - a +0,+0 elven dagger (quivered)
 A - a +2,+5 long sword
Missiles
 k - 7 arrows of dispersal
 D - 15 poisoned needles
 I - 11 arrows of flame
 K - a throwing net [frayed]
Armour
 h - a +2 robe of magic resistance
 l - a +1 scale mail
 w - a +1 elven chain mail
 y - a +0 animal skin
 B - a +1 scale mail of cold resistance (worn)
 F - a +0 pair of boots (worn)
 G - a +0 pair of orcish gauntlets (worn)
Magical devices
 p - a wand of lightning (0)
Comestibles
 c - 3 bread rations
 z - 11 sultanas
 C - 2 meat rations
 M - a choko
Scrolls
 b - a scroll of magic mapping
 e - 2 scrolls of curse weapon
 j - a scroll of curse jewellery
 n - 3 scrolls of teleportation
 t - a scroll of remove curse
 u - 3 scrolls of identify
 v - a scroll of enchant armour
 H - a scroll of fog
 L - a scroll of curse armour {unknown}
 N - a scroll of random uselessness {unknown}
Jewellery
 q - a cursed +3 ring of dexterity (left hand)
 O - a +6 ring of dexterity
Potions
 i - a potion of restore abilities
 m - a potion of poison {unknown}
 o - a potion of heal wounds
 E - a potion of slowing {unknown}
 J - a potion of curing


   Skills:
 * Level 4.4 Fighting
 * Level 4.7 Polearms
 * Level 3.1 Throwing
 + Level 3.9 Armour
 + Level 3.5 Dodging
 + Level 1.7 Stealth
 + Level 0.3 Traps
 + Level 0.5 Unarmed Combat
 + Level 0.2 Evocations


You had 6 spell levels left.
You didn't know any spells.

Dungeon Overview and Level Annotations

Branches:
Dungeon (6/27)             Temple (1/1) D:5
    Orc: D:6-11

Altars:
Ashenzari
Cheibriados
Elyvilon
Fedhas
Kikubaaqudgha
Makhleb
Nemelex Xobeh
Sif Muna
Trog
Vehumet
Xom
Yredelemnul
Zin

Shops:
D:4: * D:6: =

Annotations
D:6 Grabo's ghost, experienced DEFE; Grinder


Innate Abilities, Weirdness & Mutations

You have a pair of small antennae on your head.
You are partially covered in iridescent scales (AC +4).
When hurt, damage is shared between your health and your magic reserves.
You regenerate magic rapidly.
Your spells are a little harder to cast, but a little more powerful.


Message History

You closely miss Grabo's ghost. Grinder gestures at you.
You suddenly lose the ability to move!
Grabo's ghost barely misses you.
Grabo's ghost emits a jet of flame.
The flame hits you!
One of your 4 scrolls of teleportation catches fire!
* * * LOW HITPOINT WARNING * * *
The rat bites you but does no damage. Grinder gestures at you. You resist.
Grabo's ghost hits you but does no damage.
You hear Xom's avuncular chuckle.
Grinder seems to slow down.
The rat bites you but does no damage.
Grabo's ghost hits you but does no damage.
Grinder hits you but does no damage. The rat bites you but does no damage.
Grabo's ghost lets out a tongue of flame.
The flame hits you!
Your scroll labeled MNEIRUCSIU {tried} catches fire!
You die...
Xom roars with laughter!

.... ..........
............
..[.........##
##......>....!
.......)....###
##.8.....8....
#.##...(r.....#
#........p@5...#
.....##..%....# .
#.......# #.......#
#.......##.#
#.......##.#
##......##.#
#..........#########
#.#.....##.........#


You could see Grinder, Grabo's ghost and a rat.

Vanquished Creatures
  An ice beast (D:5)
  A phantom (D:6)
  Sigmund (D:2)
  2 giant frogs
  A wight (D:4)
  2 hounds
  2 worker ants
  6 adders
  3 gnolls
  3 giant mites
  3 worms
  An iguana skeleton (D:5)
  A giant eyeball (D:5)
  7 giant geckos
  2 oozes
  An orc (D:3)
  A ball python (D:2)
  7 bats
  A bat skeleton (D:4)
  3 giant cockroaches
  4 hobgoblins
  4 giant newts
  3 goblins
  A hobgoblin skeleton (D:4)
  11 jackals
  9 kobolds
  9 rats
90 creatures vanquished.

Vanquished Creatures (collateral kills)
  The ghost of kuzmorgo the Magician, an average DEWz (D:4)
  A sky beast (D:5)
  2 wights (D:4)
  A gnoll shaman (D:5)
  2 hounds
  A worker ant (D:4)
  2 iguanas (D:4)
  An ogre skeleton (D:4)
  2 gnolls (D:5)
  3 orcs (D:4)
  A hobgoblin (D:5)
  2 jackals (D:4)
  A bat (D:4)
  A giant gecko (D:5)
  A giant newt (D:4)
  A kobold (D:4)
23 creatures vanquished.

Vanquished Creatures (others)
  A scorpion (D:4)
  An ufetubus (D:4)
  An orc (D:4)
  A kobold (D:6)
  A giant newt (D:2)
  A rat (D:4)
6 creatures vanquished.

Grand Total: 119 creatures vanquished

Notes
Turn   | Place    | Note
--------------------------------------------------------------
     0 | D:1      | ManOfSteam, the Demonspawn Chaos Knight, began the quest for the Orb.
     0 | D:1      | Reached XP level 1. HP: 16/16 MP: 1/1
    24 | D:1      | Gained mutation: When hurt, damage is shared between your health and your magic reserves. [demonic ancestry]
    24 | D:1      | Reached XP level 2. HP: 22/22 MP: 2/2
   385 | D:1      | XOM: potion effect (brilliance)
   448 | D:1      | Reached skill level 1 in Dodging
   634 | D:1      | Reached skill level 1 in Stealth
   757 | D:1      | XOM: silly message
   853 | D:1      | Gained mutation: You are partially covered in iridescent scales (AC +4). [demonic ancestry]
   853 | D:1      | Reached XP level 3. HP: 28/28 MP: 3/3
   965 | D:1      | You fall through a shaft!
  1037 | D:2      | XOM: divination: detect creatures
  1239 | D:2      | XOM: harmless Chrm miscast
  1268 | D:2      | Noticed Sigmund
  1273 | D:2      | XOM: potion effect (berserk)
  1290 | D:2      | Killed Sigmund
  1290 | D:2      | Reached skill level 1 in Throwing
  1290 | D:2      | Reached XP level 4. HP: 34/34 MP: 4/4
  1467 | D:2      | XOM: cast spell 'Spider Form'
  1480 | D:2      | Found a basalt altar of Yredelemnul.
  1600 | D:2      | XOM: cast spell 'Necromutation'
  1906 | D:3      | XOM: 2-stop teleportation journey
  2217 | D:3      | Gained mutation: You regenerate magic rapidly. [demonic ancestry]
  2217 | D:3      | Reached XP level 5. HP: 38/40 MP: 3/5
  2680 | D:3      | XOM: give mutations
  2680 | D:3      | Gained mutation: You are agile (Dex +1). [Xom's mischief]
  2680 | D:3      | Lost mutation: You are agile (Dex +1). [Xom's mischief]
  2680 | D:3      | Gained mutation: Your spells are a little harder to cast, but a little more powerful. [Xom's mischief]
  2742 | D:3      | XOM: god gift: runed scale mail {god gift}
  2778 | D:3      | XOM: confusion
  2932 | D:4      | Noticed kuzmorgo's ghost (average DEWz)
  2947 | D:4      | Killed kuzmorgo's ghost
  3007 | D:4      | Gained mutation: You have a pair of small antennae on your head. [demonic ancestry]
  3007 | D:4      | Reached XP level 6. HP: 29/46 MP: 4/6
  3014 | D:4      | Reached skill level 4 in Polearms
  3037 | D:4      | XOM: 2-stop teleportation journey
  3285 | D:4      | XOM: confuse monster(s)
  3290 | D:4      | XOM: summons friendly ufetubus
  3294 | D:4      | XOM: cast spell 'Summon Scorpions'
  3434 | D:4      | XOM: confusion (+ monsters)
  3444 | D:4      | XOM: vitrification
  3444 | D:4      | Found Kyenkyt's General Store.
  3563 | D:4      | Bought a bread ration for 44 gold pieces
  3621 | D:5      | Entered Level 5 of the Dungeon
  3661 | D:5      | Found a staircase to the Ecumenical Temple.
  3679 | D:5      | Paralysed by a giant eyeball for 2 turns
  3686 | D:5      | Paralysed by a giant eyeball for 2 turns
  3703 | D:5      | Paralysed by a giant eyeball for 2 turns
  3707 | D:5      | Reached XP level 7. HP: 48/52 MP: 7/7
  3817 | D:5      | XOM: divination: detect items
  4036 | D:5      | XOM: scenery: create altars
  4200 | Temple   | Entered the Ecumenical Temple
  4339 | D:6      | Found Cruschol's Jewellery Shoppe.
  4368 | D:6      | XOM: potion effect (heal wounds)
  4410 | D:6      | XOM: inner flame monster(s)
  4416 | D:6      | XOM: confuse monster(s)
  4418 | D:6      | XOM: vitrification
  4522 | D:6      | Found a white marble altar of Elyvilon.
  4522 | D:6      | Noticed an angel
  4705 | D:6      | Noticed Grinder
  4719 | D:6      | XOM: confuse monster(s)
  4720 | D:6      | XOM: snakes to sticks
  4721 | D:6      | Noticed Grabo's ghost (experienced DEFE)
  4730 | D:6      | Paralysed by Grinder for 6 turns
  4733 | D:6      | XOM: enchant monster (good)
  4734 | D:6      | Killed from afar by Grabo's ghost

Action                   |  1- 3 |  4- 6 |  7- 9 || total
-------------------------+-------+-------+-------++-------
Melee: Spear             |   122 |   202 |   121 ||   445
       Whip              |    16 |       |       ||    16
       Unarmed           |       |     6 |       ||     6
Throw: Throwing net      |     1 |     3 |     1 ||     5
       Dagger            |     1 |     1 |       ||     2
       Club              |       |     1 |       ||     1
Evoke: Wand              |       |     2 |     1 ||     3
  Use: Scroll            |     6 |     9 |     3 ||    18
       Potion            |     1 |     4 |       ||     5
 Stab: Paralysed         |     3 |     3 |     3 ||     9
       Confused          |       |       |     1 ||     1
